[Event "Superbet Blitz Poland 2022"]
[Site "Warsaw"]
[Date "2022.05.23"]
[Round "16.1"]
[White "Aronian, Levon"]
[Black "So, Wesley"]
[Result "1-0"]
[ECO "C24"]
[WhiteElo "2765"]
[BlackElo "2766"]
[Annotator "TA"]
[PlyCount "45"]
[EventDate "2022.05.22"]
[EventType "tourn"]
[EventCountry "POL"]
[SourceTitle "playchess.com"]
[Source "ChessBase"]
[SourceQuality "1"]
[TimeControl "300+2"]

1. e4 e5 2. Bc4 Nf6 3. d3 c6 4. Nf3 Be7 5. O-O d6 6. Re1 O-O 7. Nbd2 {[%emt 0:00:11] C24: Bishop's Opening: 2...Nf6.} Nbd7 8. a3 d5 9. Ba2 {[%emt 0:00:03] White is slightly better.} Qc7 {[%emt 0:00:19] [#]} 10. d4 $5 $146 {[%emt 0:00:04][%mdl 8] New and interesting.} ({Predecessor:} 10. Nf1 dxe4 11. dxe4 Nc5 12. Ng3 Be6 13. b4 Bxa2 14. Rxa2 Na4 15. Qd3 a5 16. Qb3 {½-½ (71) Glavina,P (2477)-Llorente Zaro,A (2336) Spain 2006}) 10... dxe4 (10... Bd6 $11) 11. Nxe4 $16 exd4 12. Qxd4 Nxe4 13. Qxe4 ({Much worse is} 13. Rxe4 Bf6 14. Qb4 a5 $11) 13... Bf6 {[%emt 0:00:00][%mdl 8192] [#]} (13... Bd6 $16) 14. Bf4 $1 $18 Qa5 {[%emt 0:00:34] [#]} 15. Bd6 $1 Bxb2 $2 (15... Nc5 16. Bxf7+ (16. Qe8 $2 Be6 $19) 16... Kxf7 17. Qxh7 Nd3) 16. Bxf8 Nxf8 17. Qe8 Qf5 {[%emt 0:00:14] [#]} 18. Re7 $1 Be6 19. Qxa8 Bxa1 20. Re8 Qc5 21. Bxe6 fxe6 22. Qxb7 Qxc2 (22... Qxa3 {was necessary.} 23. Kh1 Qc1+ 24. Ng1 Qxc2 25. Qxa7 Bb2) 23. g3 {[%emt 0:00:04] Black did not feel at home in the position after the opening.  Weighted Error Value: White=0.32/Black=0.58} 1-0

[Event "Superbet Blitz Poland 2022"]
[Site "Warsaw"]
[Date "2022.05.23"]
[Round "16.2"]
[White "Anand, Viswanathan"]
[Black "Caruana, Fabiano"]
[Result "1/2-1/2"]
[ECO "B52"]
[WhiteElo "2751"]
[BlackElo "2786"]
[Annotator "TA"]
[PlyCount "152"]
[EventDate "2022.05.22"]
[EventType "tourn"]
[EventCountry "POL"]
[SourceTitle "playchess.com"]
[Source "ChessBase"]
[SourceQuality "1"]
[TimeControl "300+2"]

1. e4 c5 2. Nf3 d6 3. Bb5+ Bd7 4. Bxd7+ Qxd7 5. O-O Nc6 6. c3 e6 7. d4 d5 8. exd5 Qxd5 9. dxc5 {[%emt 0:00:02] B52: Sicilian: Moscow Variation with 3...Bd7.} Qxd1 10. Rxd1 Bxc5 11. Nbd2 {[%emt 0:00:15] [#] The position is equal.} O-O-O $146 ({Predecessor:} 11... Nf6 12. Nc4 Nd5 13. Nce5 Nxe5 14. Nxe5 f6 15. Nd3 Bb6 16. Nf4 Nc7 17. b3 O-O 18. Ba3 Rfd8 19. Be7 Rxd1+ {½-½ (19) Vignesh,B (2370)-Petrov,N (2561) Arandjelovac 2022}) 12. b4 Be7 13. Bb2 Nf6 14. b5 Nb8 15. c4 Nbd7 16. Nb3 Nc5 17. Bd4 Na4 18. Ne5 (18. Rdc1 $16) 18... Rhf8 $14 19. Bxa7 Ne4 20. Be3 (20. Rxd8+ $16 Kxd8 21. Rd1+ Kc8 22. Bd4) 20... Bf6 (20... Rxd1+ $11 21. Rxd1 f6) 21. f4 $1 $16 g5 22. Rxd8+ Rxd8 23. Re1 Bxe5 24. fxe5 Rd3 25. Bd4 Nec3 26. Bxc3 (26. Re3 $1 $16 Rxe3 27. Bxe3) 26... Nxc3 {[%emt 0:00:02][%mdl 4096] Endgame KRN-KRN} 27. Rf1 Ne2+ 28. Kf2 Nf4 29. g3 Ng6 30. Ke2 $1 Rd7 31. Nc5 Rc7 32. Nd3 {[%emt 0:00:01] Threatens to win with b6. White is more active.} Rxc4 33. Rxf7 Nxe5 34. Nxe5 $14 {[%emt 0:00:05] KRN-KR} Re4+ 35. Kf3 Rxe5 36. Rxh7 {[%emt 0:00:04] aiming for a4.} Rxb5 $16 {[%emt 0:00:09] KR-KR} 37. Kg4 ({Better is} 37. Rg7 $16) 37... Ra5 $14 38. Re7 (38. a4 $1 $14) 38... Rxa2 $11 39. h3 Ra5 40. Rxe6 Rc5 41. h4 gxh4 42. gxh4 Kc7 43. h5 b5 44. h6 Rc1 45. Re4 Rg1+ $2 {[%emt 0:00:05][%mdl 8192] [#]} (45... Kd6 $11) 46. Kh5 $1 $18 {[%emt 0:00:01] White threatens h7 and mate.} Rg8 47. h7 $2 (47. Rg4 $18 Rh8 48. Rg6) 47... Rh8 $11 48. Kg6 {[%emt 0:00:01] Intending Re6 and mate.} Kc6 $2 {[%emt 0:00:00][%mdl 8192] [#]} (48... Kd6 $11) 49. Re5 $1 Kb6 50. Kg7 ({And not} 50. Re6+ Kc5 $11) 50... Rd8 51. h8=Q $2 (51. Rh5 {mates} Rc8 52. h8=Q Rxh8 53. Rxh8 Kc5 54. Kf6 Kd5 55. Kf5 b4 56. Rb8) 51... Rxh8 52. Kxh8 {[%emt 0:00:01] KR-KP} Ka5 53. Kg7 Ka4 54. Re8 b4 55. Kf6 b3 (55... Ka3 {is a self mate.} 56. Ke5 b3 57. Kd4 b2 58. Kc3 b1=N+ 59. Kc2 Kb4 60. Kxb1) 56. Rb8 Ka3 57. Ke5 Kb2 58. Kd4 {[%emt 0:00:05] Kd3 would kill now.} Kc2 59. Rc8+ Kd2 $1 60. Rh8 {[%emt 0:00:01] White wants to mate with Rh2+.} b2 61. Rh2+ Kc1 62. Kc3 b1=N+ $14 {[%emt 0:00:02] KR-KN} 63. Kd3 Na3 64. Ra2 Nb1 $1 65. Rc2+ Kd1 66. Rc7 Na3 67. Rc3 Nb1 $1 68. Rc5 Na3 69. Kc3 {[%emt 0:00:05] Threatening mate with Kb2.} Nb1+ 70. Kd3 Na3 71. Rc8 Nb1 72. Rc2 Na3 73. Rb2 Kc1 74. Ra2 Nb1 $1 75. Rc2+ Kd1 76. Rh2 Kc1 {[%emt 0:00:01] Weighted Error Value: White=0.29 (precise) /Black=0.24 (precise)} 1/2-1/2

[Event "Superbet Blitz Poland 2022"]
[Site "Warsaw"]
[Date "2022.05.23"]
[Round "16.3"]
[White "Shevchenko, Kirill"]
[Black "Rapport, Richard"]
[Result "0-1"]
[ECO "B22"]
[WhiteElo "2644"]
[BlackElo "2776"]
[Annotator "TA"]
[PlyCount "90"]
[EventDate "2022.05.22"]
[EventType "tourn"]
[EventCountry "POL"]
[SourceTitle "playchess.com"]
[Source "ChessBase"]
[SourceQuality "1"]
[TimeControl "300+2"]

1. e4 c5 2. c3 Qa5 3. Nf3 d6 4. Na3 Nf6 5. Nc4 Qc7 $1 6. e5 {[%emt 0:00:10] B22: Sicilian: 2 c3.} dxe5 7. Ncxe5 (7. Nfxe5 $2 b5 8. d4 bxc4 $17) 7... Nbd7 8. d4 {[%emt 0:00:16] Bc4 is the strong threat. The position is equal.} e6 9. Bd3 Bd6 10. Qe2 O-O 11. O-O b6 {[%emt 0:00:07] [#]} 12. Bf4 $146 ({Predecessor:} 12. Re1 h6 13. h4 Bb7 14. Ng5 hxg5 15. hxg5 Bxe5 16. dxe5 Qc6 17. f4 Nh5 18. Kh2 g6 19. g4 Ng7 20. Kg3 Rfd8 21. Be4 Qxe4 22. Qxe4 Bxe4 23. Rxe4 Kf8 {0-1 (23) Wohlfahrt,H-Siepelt,H Dornbirn 1988}) 12... Bb7 13. Rfe1 Nd5 14. Bg3 (14. Qe4 $2 N7f6 15. Qe2 Nxf4 $19) 14... cxd4 $1 15. cxd4 N7f6 16. Rac1 Qe7 17. a3 Rac8 (17... h6 $11) 18. Rcd1 (18. Rxc8 $1 $14 Bxc8 19. Nc6) 18... h6 19. Bb1 Rfd8 20. Qd3 Qc7 21. h3 a6 22. Qd2 b5 23. Bh4 b4 24. Rc1 ({Better is} 24. Ng4 $11 Be7 25. Bxf6 Bxf6 26. axb4) 24... Qe7 $15 25. Rxc8 Rxc8 26. Qd3 (26. a4 $15) 26... Qd8 (26... bxa3 $17 27. bxa3 Bxa3) 27. axb4 $11 ({Wrong is} 27. Nxf7 $2 Kxf7 28. Qg6+ Kf8 $19) 27... Bxb4 28. Rd1 ({Don't blunder} 28. Nxf7 $2 Kxf7 29. Qg6+ Kf8 30. Rxe6 Rc1+ 31. Kh2 Bc8 32. Bxf6 Nxf6 $19) 28... Be7 29. Re1 Nb4 30. Qd2 {[%emt 0:00:05] Hoping for Bxf6.} a5 31. b3 (31. Qe3 $15 Bd6 32. Bxf6 (32. Nxf7 Kxf7 33. Qxe6+ Kf8 $11) 32... Qxf6 33. Be4) 31... Nbd5 $17 32. Qd3 (32. Bxf6 $17 Nxf6 33. Rc1) 32... Rc3 33. Qb5 Qb6 34. Qe2 (34. Qxb6 $142 Nxb6 35. Re3) 34... Rxb3 $19 35. Bc2 Rb2 $2 (35... Rc3 $19 {White must now prevent ...Bb4.} 36. Rb1 Qc7) 36. Qd1 $2 (36. Nc4 $11 Ba6 37. Nxb6 Bxe2 38. Nxd5 Rxc2 39. Nxe7+ Kf8 40. Bxf6 gxf6 41. Nf5) 36... Bb4 37. Nc4 {[%emt 0:00:01] [#]} Qb5 38. Nxb2 {[%emt 0:00:03] And now Rf1 would win.} Bxe1 39. Nd3 (39. Na4 $142 Bb4 40. Bd3) 39... Bb4 40. Nfe5 Be7 41. Ba4 Qb6 42. Nf3 (42. Bxf6 Nxf6 43. Qa1) 42... Nc3 {[%emt 0:00:00] Black is clearly winning.} 43. Qc2 Nxa4 44. Qxa4 Bxf3 45. gxf3 Qb1+ {[%emt 0:00:00] Weighted Error Value: White=0.51/Black=0.19 (very precise)} 0-1

[Event "Superbet Blitz Poland 2022"]
[Site "Warsaw"]
[Date "2022.05.23"]
[Round "16.4"]
[White "Gavrilescu, David"]
[Black "Wojtaszek, Radoslaw"]
[Result "1-0"]
[ECO "B11"]
[WhiteElo "2518"]
[BlackElo "2696"]
[Annotator "TA"]
[PlyCount "171"]
[EventDate "2022.05.22"]
[EventType "tourn"]
[EventCountry "POL"]
[SourceTitle "playchess.com"]
[Source "ChessBase"]
[SourceQuality "1"]
[TimeControl "300+2"]

1. e4 c6 2. Nf3 d5 3. Nc3 Bg4 4. h3 Bxf3 5. Qxf3 e6 6. Be2 Nf6 7. O-O dxe4 8. Nxe4 Nxe4 9. Qxe4 Nd7 10. b3 Nf6 11. Qe3 Nd5 12. Qf3 Qf6 13. Qxf6 Nxf6 14. Bb2 Be7 15. a4 a5 16. Bf3 Rd8 17. d3 O-O 18. Bc3 Ra8 19. Rfe1 Rfd8 20. Be5 Nd5 21. g3 Bf6 22. h4 Bxe5 23. Rxe5 Nb4 24. Re2 g6 25. h5 Kg7 26. Kf1 Kf6 27. Ke1 Rd6 28. Kd2 Rad8 29. Be4 Na6 ({Don't play} 29... gxh5 30. Rh1 $16) 30. Rh1 Nc5 31. Bg2 Rd4 32. Re3 g5 33. h6 R4d6 34. Bf3 b6 35. Kc3 Rg8 36. d4 Na6 37. Be4 Rh8 38. Rh5 $1 c5 39. Rf3+ Ke7 40. Rxg5 cxd4+ {[%emt 0:00:03] [#]} 41. Kd2 $1 Nc5 42. Bd3 Nd7 (42... Nxd3 $16 43. cxd3 f5) 43. Bb5 $2 ({White should try} 43. g4 $18) 43... Nf6 $1 $14 44. Rg7 e5 $2 (44... Rdd8 $1 $14) 45. g4 (45. Kc1 $142) 45... Rf8 46. Rf5 ({Better is} 46. g5 $16 Ne4+ 47. Kd3) 46... Ne4+ $1 $14 47. Kd3 (47. Ke1 $14 Rxh6 48. Rxe5+ Kf6 49. g5+ Kxe5 50. gxh6) 47... Nc5+ $11 48. Ke2 Rxh6 49. Rxe5+ Re6 $2 (49... Ne6 $1 $11 {and Black is okay.} 50. Rgg5 f6 51. Rg7+ Kd6 52. Rxe6+ Kxe6) 50. Rxe6+ $18 Kxe6 51. Rxh7 Ne4 52. Bc4+ Kf6 53. Rh6+ Ke5 54. Rxb6 Nc3+ 55. Kd3 Rh8 56. f4+ Kxf4 57. Kxd4 Ne4 58. Bxf7 Rd8+ (58... Rh2 $142 59. Ra6 Rd2+ 60. Kc4 Rxc2+ 61. Kb5 Rc7) 59. Bd5 $18 Nd2 60. c4 Kxg4 61. c5 Nf3+ 62. Kc4 $2 ({White must play} 62. Ke4 $18 Ng5+ 63. Ke5) 62... Nd2+ $2 (62... Ne5+ $11 63. Kd4 Kf5) 63. Kd4 (63. Kb5 $142 Kf4 64. Be6) 63... Nf3+ $18 64. Kc4 (64. Ke4 $142 Ng5+ 65. Ke5 Re8+ 66. Kd4) 64... Nd2+ $18 {[%emt 0:00:00] [#]} 65. Kb5 $1 Rxd5 66. Kc6 $2 ({White has to play} 66. Rd6 $18 Re5 67. Rxd2) 66... Re5 (66... Rd3 $11) 67. Kd6 (67. Rb5 $1 $14) 67... Kf4 $11 68. c6 Ne4+ 69. Kd7 Nc5+ 70. Kd8 Ne6+ 71. Kd7 {[%emt 0:00:00] Strongly threatening c7.} Nc5+ 72. Kd6 {[%emt 0:00:02] And now c7 would win.} Ne4+ 73. Kc7 {[%emt 0:00:00] Rb5 is the strong threat.} Rc5 74. Rb5 {[%emt 0:00:03] Black must now prevent Rxc5.} Rc1 $2 (74... Rc3 $11) 75. Kb6 $2 ({Only move:} 75. Rxa5 $18 Ke3 76. b4) 75... Nd6 $2 (75... Rc3 $11) 76. Rxa5 $18 Rb1 77. Kc7 Ne8+ 78. Kd8 Nf6 79. c7 Rd1+ 80. Kc8 Ne8 81. Rc5 Rb1 82. Rc3 Ke5 83. a5 Ra1 84. b4 Ra4 85. Re3+ Kd6 86. Rxe8 1-0

[Event "Superbet Blitz Poland 2022"]
[Site "Warsaw"]
[Date "2022.05.23"]
[Round "16.5"]
[White "Korobov, Anton"]
[Black "Duda, Jan-Krzysztof"]
[Result "1-0"]
[ECO "A33"]
[WhiteElo "2671"]
[BlackElo "2750"]
[Annotator "TA"]
[PlyCount "111"]
[EventDate "2022.05.22"]
[EventType "tourn"]
[EventCountry "POL"]
[SourceTitle "playchess.com"]
[Source "ChessBase"]
[SourceQuality "1"]
[TimeControl "300+2"]

1. c4 Nf6 2. Nc3 c5 3. Nf3 Nc6 4. d4 cxd4 5. Nxd4 e6 6. a3 Bc5 7. Nb3 {[%emt 0:00:03] A33: Symmetrical English: 2 Nf3 Nf6 3 d4 cxd4 4 Nxd4 e6 5 Nc3 Nc6.} Bb6 8. c5 Bc7 9. g3 {[%emt 0:00:02] The position is equal.} (9. Bg5 {feels hotter.} b6 10. e3 Be5 11. Rc1) 9... O-O 10. Bg2 b6 11. O-O Rb8 12. Nb5 Be5 {[%emt 0:00:38] [#]} 13. f4 $146 ({Predecessor:} 13. Bxc6 dxc6 14. Qxd8 Rxd8 15. Nxa7 Bd7 16. Rd1 Bc7 17. Be3 Nd5 18. cxb6 Bxb6 19. Bxb6 Rxb6 {1-0 (53) Maltsevskaya,A (2410)-Suleymenov,A (2418) Cheliabinsk 2022}) 13... Bc7 14. Kh1 (14. Be3 {is more complex.} Ng4 15. Bd2 bxc5 16. Nxc7 Qxc7 17. Nxc5 Rxb2 18. Na4) 14... bxc5 15. Nxc7 Qxc7 16. Nxc5 d6 17. Nd3 Bb7 18. e4 Na5 19. Re1 Ba8 (19... Qc4 $15 20. Nf2 Nb3) 20. b4 $11 Nc4 21. Ra2 Rfc8 22. Rc2 Qd8 23. g4 Nb6 {[%emt 0:00:27] Pair of Knights!} 24. g5 Rxc2 25. Qxc2 Rc8 26. Qf2 Nfd7 27. Bb2 a5 (27... Nc4 $11) 28. Qd4 $14 Qf8 29. bxa5 {[%emt 0:00:03][%cal Bb4a5,Ba5a6][%mdl 32] White is more active.} Nc4 30. a6 $1 e5 31. Qf2 ({White should play} 31. fxe5 $16 {Bh3 is the strong threat.} Ndxe5 32. Ba1 (32. Nxe5 dxe5 33. Qf2 Nxb2 $14)) 31... Qd8 32. Rf1 (32. fxe5 $14 Nxb2 33. Qxb2 Nxe5 34. Nxe5 dxe5 35. Qxe5) 32... Qe7 (32... Nxb2 $11 {remains equal.} 33. Qxb2 (33. Nxb2 exf4 34. Qxf4 Ne5 $11) 33... exf4) 33. Ba1 Rf8 34. h4 Nxa3 (34... exf4 $16 35. Qxf4 Nde5) 35. f5 $2 (35. Rc1 $18 {and White stays clearly on top. Strongly threatening Qb2.} Nb5 36. Qb2) 35... Qd8 $16 36. f6 g6 $2 (36... Qa5 $16) 37. h5 $18 Qa5 $2 (37... gxh5 38. Qe2 Qe8) 38. hxg6 fxg6 39. Qa2+ d5 40. exd5 {[%emt 0:00:07] Threatens to win with f7+.} Qxa6 41. Nb4 Qa4 42. Nc6 Qh4+ 43. Kg1 Nc4 44. Qa7 Qg4 45. Rc1 $2 (45. Bc3 $18) 45... Nd2 $2 (45... Bb7 $14) 46. Qe3 h6 47. Qxd2 hxg5 48. Nxe5 Nxe5 49. Bxe5 Bb7 50. Rc7 Ra8 51. Rg7+ Kh8 52. Rxb7 Ra1+ 53. Kf2 Qf5+ {[%emt 0:00:01] [#]} 54. Qf4 $4 Ra2+ $4 (54... gxf4 $2 {leads to mate.} 55. f7+ Kh7 56. f8=Q+) (54... Qc2+ $19 55. Kg3 gxf4+ 56. Bxf4 (56. Kh2 $2 Rh1+ 57. Kxh1 Qd1+ 58. Kh2 Qh5+ 59. Kg1 Qxe5 $19) 56... g5) 55. Kg1 Ra1+ 56. Kh2 {[%emt 0:00:01] Weighted Error Value: White=0.42/Black=0.51} 1-0

[Event "Superbet Blitz Poland 2022"]
[Site "Warsaw"]
[Date "2022.05.23"]
[Round "17.1"]
[White "Korobov, Anton"]
[Black "Aronian, Levon"]
[Result "1/2-1/2"]
[ECO "C67"]
[WhiteElo "2671"]
[BlackElo "2765"]
[Annotator "TA"]
[PlyCount "61"]
[EventDate "2022.05.22"]
[EventType "tourn"]
[EventCountry "POL"]
[SourceTitle "playchess.com"]
[Source "ChessBase"]
[SourceQuality "1"]
[TimeControl "300+2"]

1. e4 e5 2. Nf3 Nc6 3. Bb5 Nf6 4. O-O Nxe4 5. Re1 Nd6 6. Nxe5 Be7 7. d4 {[%emt 0:00:07] C67: Ruy Lopez: Berlin Defence: 4 0-0 Nxe4.} Nxb5 $15 {[%emt 0:00:36] [#]} 8. Nxf7 $146 ({Predecessor:} 8. Bg5 Nbxd4 9. Bxe7 Nxe7 10. Qxd4 O-O 11. c4 d6 12. Nf3 Re8 13. Nc3 b6 14. Qe4 {½-½ (43) Janzen,N (2478)-Szczepanski,Z (2475) ICCF email 2016}) 8... Kxf7 $19 9. Qh5+ {[%emt 0:00:02] Black has a decisive advantage.} Kf8 10. Qxb5 Nxd4 11. Qd3 Bf6 12. Be3 Nc6 13. Nc3 Bxc3 14. Qxc3 {[%emt 0:00:01][%cal Oe3h6] Bh6! is the strong threat.} Qf6 {[%emt 0:00:04] Prevents Bh6. aiming for ...Qxc3.} 15. Qb3 Qf7 16. c4 d6 17. Rac1 h6 18. Rc3 b6 19. Qa4 Bb7 20. c5 dxc5 21. Bxc5+ Kg8 (21... bxc5 22. Rf3 Qxf3 23. gxf3 $17) 22. Rf3 Qd5 (22... bxc5 23. Rxf7 Kxf7 24. Qb3+ c4 25. Qxc4+ Kf8 26. Re3 $18) 23. Rd1 Qe6 (23... Qxc5 24. Qb3+ Kh7 25. Qd3+ Kg8 26. Qb3+ Kh7 27. Qd3+ Kg8 28. Qb3+ $11) 24. Re3 Qf5 25. Rf3 Qh5 ({Don't play} 25... Qxc5 $6 26. Qb3+ Kh7 27. Qd3+ Kg8 28. Qb3+ Kh7 29. Qd3+ Kg8 30. Qb3+ $11) 26. Rd7 Ne5 {[%emt 0:00:05] Inhibits Qc4+.} (26... bxc5 27. Qb3+ c4 28. Qxc4+ Kh7 29. Qd3+ Kg8 30. Qc4+ Kh7 31. Qd3+ Kg8 32. Qc4+ $11) (26... Ne7 $19 27. Bxe7 Bxf3 28. gxf3 Qg6+ 29. Kf1 c5) 27. Qb3+ $11 {[%emt 0:00:13] The position is equal.} Kh7 28. Qc2+ Kg8 $1 (28... Qg6 $2 29. Rg3 $1 Rhd8 30. Rxg6 Nxg6 31. Rxd8 (31. Rxc7 Be4 $11) 31... Rxd8 32. h4 $1 bxc5 33. h5 $18) 29. Qb3+ Kh7 30. Qc2+ Kg8 $1 (30... Qg6 $2 {[#]} 31. Rg3 $1 Rhd8 32. Rxg6 Nxg6 33. Rxd8 (33. Rxc7 Be4 $11) 33... Rxd8 34. h4 $1 bxc5 35. h5 $18) 31. Qb3+ {[%emt 0:00:00] Weighted Error Value: White=0.20 (precise) /Black=0.16 (very precise)} 1/2-1/2

[Event "Superbet Blitz Poland 2022"]
[Site "Warsaw"]
[Date "2022.05.23"]
[Round "17.2"]
[White "Duda, Jan-Krzysztof"]
[Black "Gavrilescu, David"]
[Result "1-0"]
[ECO "D50"]
[WhiteElo "2750"]
[BlackElo "2518"]
[Annotator "TA"]
[PlyCount "51"]
[EventDate "2022.05.22"]
[EventType "tourn"]
[EventCountry "POL"]
[SourceTitle "playchess.com"]
[Source "ChessBase"]
[SourceQuality "1"]
[TimeControl "300+2"]

1. d4 d5 2. c4 e6 3. Nc3 Nf6 4. Bg5 dxc4 5. e3 c5 6. Nf3 cxd4 7. Nxd4 Be7 8. Bxc4 O-O 9. O-O Bd7 {[%emt 0:00:13] D50: Queen's Gambit Declined: Dutch-Peruvian Gambit.} 10. Qe2 Nc6 {[%emt 0:00:02] [#]} 11. Nf3 $146 ({Predecessor:} 11. Rfd1 Nxd4 12. Rxd4 Qc7 13. Bb5 Bxb5 14. Qxb5 a6 15. Qb3 Rac8 16. Rad1 Rfd8 {½-½ (16) Vitiugov,N (2722)-Lysyj,I (2594) Cheliabinsk 2020}) 11... a6 {[%emt 0:00:13] The position is equal.} 12. Rfd1 Qc7 13. h3 Rfd8 14. Bf4 {[%emt 0:00:02] Against Ne5} Qb6 15. e4 Na5 ({Black should try} 15... Be8 $11) 16. e5 Nh5 17. Be3 Qb4 {[%emt 0:00:01] [#] This move loses the game for Black.} (17... Bc5 $16) 18. Rd4 $1 $18 Be8 {[%emt 0:00:31] Threatens to win with ...Rxd4.} 19. Re4 Nxc4 20. Rxc4 Bb5 $2 (20... Qa5 {is a better defense.} 21. a3 Rd7) 21. Rxb4 Bxe2 {[%emt 0:00:01] This bishop pair is nice.} 22. Rxb7 Bxf3 23. Rxe7 Bc6 24. g4 Bd7 25. gxh5 Kf8 26. Bc5 {[%emt 0:00:02][%csl LRd7,LRe6] Weighted Error Value: White=0.09 (flawless) /Black=0.41} 1-0

[Event "Superbet Blitz Poland 2022"]
[Site "Warsaw"]
[Date "2022.05.23"]
[Round "17.3"]
[White "Wojtaszek, Radoslaw"]
[Black "Shevchenko, Kirill"]
[Result "1/2-1/2"]
[ECO "E67"]
[WhiteElo "2696"]
[BlackElo "2644"]
[Annotator "TA"]
[PlyCount "80"]
[EventDate "2022.05.22"]
[EventType "tourn"]
[EventCountry "POL"]
[SourceTitle "playchess.com"]
[Source "ChessBase"]
[SourceQuality "1"]
[TimeControl "300+2"]

1. Nf3 Nf6 2. c4 g6 3. g3 Bg7 4. Bg2 O-O 5. O-O d6 6. d4 Nbd7 7. Nc3 e5 8. e4 Re8 9. h3 b6 {[%emt 0:00:05] E67: King's Indian: Fianchetto: 6...Nbd7.} 10. Be3 exd4 11. Nxd4 {[%emt 0:00:02] Nc6 is the strong threat.} Bb7 {[%emt 0:00:04][%cal Rf6e4] Inhibits Nc6. White is slightly better.} 12. f3 {[%emt 0:00:17] [#]} d5 $146 ({Predecessor:} 12... c6 13. Bf2 Qc7 14. Rc1 Rad8 15. b4 Ne5 16. Nce2 Qb8 17. b5 c5 18. Nb3 a6 {0-1 (39) Cerveny,M (2411)-Praggnanandhaa,R (2608) Chess.com INT 2021}) 13. cxd5 Nxd5 14. Nxd5 Bxd5 15. Bf2 ({Better is} 15. Rf2 $11) 15... Bb7 16. Qc2 Nc5 17. Rad1 Qe7 18. Rfe1 a5 19. e5 Rad8 ({Don't do} 19... Bxe5 20. f4 Bxd4 21. Rxe7 Bxf2+ 22. Kxf2 $16 (22. Qxf2 Rxe7 23. Bxb7 Nxb7 $14)) (19... Qd7 $5 ) 20. f4 {[%emt 0:00:06] Strongly threatening Bxb7.} Bxg2 21. Kxg2 {[%emt 0:00:01] Hoping for Nc6.} Qd7 {[%emt 0:00:24] Against Nc6} 22. Kh2 Qc8 $1 {[%emt 0:01:07] Against e6} 23. Nc6 Rxd1 24. Rxd1 Qe6 25. Nd4 ({Avoid the trap} 25. Bxc5 $2 Qxc6 26. Rc1 bxc5 $19) 25... Qxa2 26. Nb5 $36 {[%emt 0:00:01][%csl LRc5,LRc7][%mdl 2048] White is pushing.} Ne6 27. Rd2 c5 28. Nd6 (28. Qd1 $5 a4 29. Nc3 $11) 28... Rf8 29. Qc4 Qb1 {[%emt 0:00:03] [#]} (29... Qxc4 $11 30. Nxc4 f6) 30. Nxf7 $1 $16 {[%emt 0:00:09][%mdl 576] Decoy} Kxf7 31. Rd7+ {[%emt 0:01:24][%mdl 64] Deflection} Kg8 {White must now prevent ...Re8.} 32. Qxe6+ Kh8 33. Qe7 {[%emt 0:00:00][%csl Gd7][%cal Re7g7] White is more active.} Rg8 34. Rd8 {[%emt 0:00:00] Threatens to win with Rxg8+.} Qxb2 (34... h5 $16) 35. Rxg8+ $18 Kxg8 $16 {[%emt 0:00:01] KQB-KQB} 36. Qe6+ Kf8 37. Qd6+ {[%emt 0:00:00][%mdl 1024] White has strong compensation.} Kg8 38. Qe6+ Kf8 {[#]} 39. Qd6+ (39. Kg2 $1 $16) 39... Kg8 $14 40. Qe6+ Kf8 {Weighted Error Value: White=0.24 (precise) /Black=0.20 (precise)} 1/2-1/2

[Event "Superbet Blitz Poland 2022"]
[Site "Warsaw"]
[Date "2022.05.23"]
[Round "17.4"]
[White "Rapport, Richard"]
[Black "Anand, Viswanathan"]
[Result "0-1"]
[ECO "C44"]
[WhiteElo "2776"]
[BlackElo "2751"]
[Annotator "TA"]
[PlyCount "107"]
[EventDate "2022.05.22"]
[EventType "tourn"]
[EventCountry "POL"]
[SourceTitle "playchess.com"]
[Source "ChessBase"]
[SourceQuality "1"]
[TimeControl "300+2"]

1. e4 e5 2. Nf3 Nc6 3. d3 Nf6 4. g3 Bc5 (4... Be7 5. Bg2 O-O 6. O-O d6 7. h3 Re8 8. c4 h6 9. Nc3 Nh7 10. Nd5 Be6 11. Be3 Bf8 12. Kh2 Ne7 13. d4 Ng6 14. b3 c6 15. Nc3 Nf6 16. Qc2 Bd7 17. Rad1 Qa5 18. Qd2 Qc7 {1-0 (102) Rapport,R (2763)-Anand,V (2751) Baku 2021}) 5. Bg2 d6 6. O-O O-O {[%emt 0:00:02] C44: Ponziani Opening and Scotch Gambit.} 7. c3 a5 8. a4 Re8 {[%emt 0:00:03] The position is equal.} 9. Re1 h6 10. Na3 Bd7 11. Nc2 Ba7 12. Be3 {[%emt 0:00:00] [#]} Bxe3 $146 ({Predecessor:} 12... Qc8 13. Bxa7 Rxa7 14. Ne3 Bh3 15. Bh1 Ng4 16. Nd5 Ne7 17. Nxe7+ Rxe7 18. d4 Re8 {½-½ (47) Boskovic,D (2457)-Todorovic,G (2374) Vrnjacka Banja 2021}) 13. Nxe3 Ne7 14. d4 Ng6 (14... Nc6 {is more complex.} 15. dxe5 Nxe5 16. Nd4 Nfg4) 15. dxe5 Nxe5 16. Nxe5 dxe5 17. Qb3 b6 18. Rad1 Qe7 19. Qc4 Be6 20. Qc6 Rad8 21. h3 Rxd1 22. Rxd1 Rd8 23. Rxd8+ Qxd8 24. b4 Bd7 25. Qc4 axb4 ({Don't play} 25... Bxa4 26. bxa5 Bd7 27. a6 $16) 26. cxb4 {[%emt 0:00:00] Strongly threatening a5.} Bxa4 27. b5 Qd4 $36 {[%emt 0:00:03][%mdl 2048] Threatens to win with ...Qxc4. Black has good play.} 28. Qxc7 Bxb5 29. Nf5 Qc5 30. Qd8+ Kh7 31. Ne7 (31. Ne3 $15) 31... Bc4 $1 $17 32. h4 $2 (32. Qc8 $17 {is a better chance.}) 32... Be6 $19 {[%emt 0:00:10] White must now prevent ...Qc1+.} 33. Bf3 b5 34. Kg2 Qd4 $2 (34... b4 35. g4 Qc1) 35. Qxd4 exd4 {[%emt 0:00:01][%mdl 4096] Endgame KBN-KBN} 36. e5 Nd7 (36... Ng4 $142 $1 37. Be4+ Kh8) 37. Be4+ (37. Nc6 $17 {was the only defense.}) 37... Kh8 $1 {[%emt 0:00:05] ...b4 is the strong threat.} 38. Nc6 Nc5 39. Bf3 d3 (39... Bc4 $1 $17 {aiming for ...d3.} 40. Nxd4 b4) 40. Kf1 $15 Kg8 (40... g5 $17) 41. Ke1 Kf8 (41... g5 $15) 42. Kd2 $11 Bc4 43. Kc3 Ke8 44. Na5 Na4+ 45. Kd4 Nb6 46. Kc5 Nd7+ 47. Kd4 Kd8 48. Bd1 Nb6 49. Kc5 $2 {[%emt 0:00:01][%mdl 8192] [#]} (49. Nb7+ $11 Kc7 50. Nd6) 49... Kc7 $2 ({Better is} 49... Na4+ $1 $19 50. Kd4 (50. Bxa4 $2 bxa4 51. Nxc4 a3 $19) 50... Nb2) 50. f4 $2 (50. Kd4 $1 $11 {and White is okay.}) 50... Be6 $19 51. Kd4 {[%emt 0:00:01] [#]} (51. Nb3 $142) 51... Nc4 $2 ({Black should try} 51... Na4 $1 $19 52. f5 Bxf5) 52. Nb3 (52. Nxc4 $15 bxc4 53. g4) 52... Nb2 53. f5 Bc4 ({Inferior is} 53... Nxd1 54. fxe6 fxe6 55. Kxd3 $17) 54. Bh5 {[%emt 0:00:06] Weighted Error Value: White=0.62/Black=0.42} 0-1